 Dungeon Crawl Stone Soup version 0.28-a0-620-g539b0f7ac7 (webtiles) character file.

Game seed: 13827185685540063063

126 siradein the Insei (level 5, 0/39 HPs)
             Began as a Merfolk Transmuter on Oct 6, 2021.
             Slain by a howler monkey (6 damage)
             ... on level 3 of the Dungeon.
             The game lasted 00:07:34 (4103 turns).

siradein the Insei (Merfolk Transmuter)             Turns: 4103, Time: 00:07:35

Health: 0/39       AC:  3    Str: 11    XL:     5   Next: 9%
Magic:  7/9        EV: 13    Int: 13    God:
Gold:   91         SH:  0    Dex: 14    Spells: 3/9 levels left

rFire   . . .      SeeInvis .     - Unarmed
rCold   . . .      Faith    .   (no shield)
rNeg    . . .      Spirit   .   a - +0 robe
rPois   .          Reflect  .   (helmet currently unavailable)
rElec   .          Harm     .   (no cloak)
rCorr   .          Rampage  .   h - +0 pair of gloves
Will    .....                   (boots currently unavailable)
Stlth   +.........              (no amulet)
HPRegen 0.13/turn               (no ring)
MPRegen 0.11/turn               (no ring)

@: appendages (expiring), wereblooded
A: horns 2, (nimble swimmer 2), mertail
a: End Transformation


You were on level 3 of the Dungeon.
You had temporarily grown beastly horns.
You visited 1 branch of the dungeon, and saw 4 of its levels.

You collected 91 gold pieces.

Inventory:

Missiles
 k - 36 poisoned darts
Armour
 a - a +0 robe (worn)
 h - a +0 pair of gloves (worn)
Scrolls
 b - 2 scrolls of enchant weapon {unknown}
 c - a scroll of holy word {unknown}
 d - a scroll of teleportation {unknown}
 f - a scroll of fog
 m - a scroll of brand weapon
 p - a scroll of noise {unknown}
Potions
 e - a potion of lignification {unknown}
 g - a potion of cancellation
 i - a potion of haste
 j - a potion of resistance {unknown}
 l - a potion of curing {unknown}
 n - a potion of ambrosia {unknown}
 o - a potion of degeneration {unknown}


   Skills:
 + Level 2.4 Fighting
 + Level 3.7 Dodging
 + Level 3.9 Unarmed Combat
 + Level 2.7 Spellcasting
 + Level 3.7 Transmutations
 + Level 0.9 Poison Magic


You had 3 spell levels left.
You knew the following spells:

 Your Spells              Type           Power      Damage    Failure   Level
a - Beastly Appendage     Tmut           22%        N/A       4%          1
b - Wereblood             Tmut           11%        N/A       8%          2
c - Spider Form           Tmut/Pois      3%         N/A       26%         3

Your spell library contained the following spells:

 Spells                   Type           Power      Damage    Failure   Level
 Ice Form                 Ice/Tmut       6%         N/A       73%         4


Dungeon Overview and Level Annotations

Branches:
Dungeon (4/15)
 Temple: D:4-7

Altars:
Sif Muna
Vehumet
Zin

Shops:
D:3 [*

Annotations:
D:3 1 runed translucent door, AttackTheMoon's ghost, weakling OgWz; Natasha


Innate Abilities, Weirdness & Mutations

You have temporarily grown beastly horns.
((You are quick and stealthy near water. (Stealth+, EV+, Speed+++)))
Your lower body shifts to a powerful aquatic tail in water.


Message History

Your primal bloodlust has ended.
You start resting.
Your horns disappear.
You start resting.
Magic restored.
There is a stone staircase leading down here.
You start resting.
HP restored.
Casting: Beastly Appendage (safe; 4% risk of failure)
Confirm with . or Enter, or press ? or * to list all spells.
Your blood is infused with primal strength.
Casting: Wereblood (safe; 8% risk of failure)
Confirm with . or Enter, or press ? or * to list all spells.
You grow a pair of large bovine horns.
You climb downwards.
Level annotation: Natasha The howler monkey hits you.
The iguana closely misses you. The howler monkey closely misses you.
The iguana bites you!
There is a stone staircase leading up here.
You hit the howler monkey.
The howler monkey is moderately wounded.
The howler monkey misses you. The iguana barely misses you.
You hit the howler monkey.
The howler monkey is heavily wounded.
The howler monkey hoots and howls with incredible vigour!
Natasha closely misses you.
You hit the howler monkey but do no damage.
The howler monkey is heavily wounded.
The howler monkey hits you. The iguana completely misses you.
The howler monkey hits you. Natasha claws you but does no damage.
The iguana bites you!
* * * LOW HITPOINT WARNING * * *
The howler monkey completely misses you.
Natasha misses you.
You climb upwards.
Level annotation: 1 runed translucent door, AttackTheMoon's ghost, weakling OgWz
There is a stone staircase leading down here.
Your transformation is almost over.
The howler monkey hits you.
You die...

########.# #.(.# #.#
.........# #.8.# #.#
.....##### ##### #.# .....#
#.# .....# #.# .....# #####
#.# ########### #...######.#
>.........# #.#hlh.....#
####..)...# #.#@########
#......####.#.#
#...........###
#...........###############
##.......).................#
#.......##...#############.#
#.......##...# #.##.#
#.############ #....# ###.#
#.####


You could see a howler monkey, an iguana and Natasha.

Vanquished Creatures
  2 adders (D:4)
  3 worms
  2 dart slugs
  6 orcs (D:3)
  9 bats
  15 endoplasms
  3 giant cockroaches
  11 goblins
  3 hobgoblins
  2 jackals (D:3)
  4 quokkas
  7 ball pythons
  2 frilled lizards (D:1)
  6 kobolds
  4 rats
79 creatures vanquished.

Vanquished Creatures (others)
  2 withered plants (D:3)
2 creatures vanquished.

Grand Total: 81 creatures vanquished

Notes
Turn   | Place    | Note
-------+----------+-------------------------------------------
     0 | D:1      | siradein the Merfolk Transmuter began the quest for the
                  | Orb.
     0 | D:1      | Reached XP level 1. HP: 15/15 MP: 3/3
    24 | D:1      | You fall into a shaft and drop 1 floor!
   118 | D:1      | Reached XP level 2. HP: 13/21 MP: 3/5
   131 | D:1      | Learned a level 2 spell: Wereblood
   624 | D:1      | Reached XP level 3. HP: 14/27 MP: 3/6
  1714 | D:2      | Found a faded altar of an unknown god.
  1938 | D:2      | Reached XP level 4. HP: 20/33 MP: 4/7
  1942 | D:2      | HP: 1/33 [endoplasm (2)]
  2560 | D:2      | Learned a level 3 spell: Spider Form
  2704 | D:3      | Found Zin's Purification Station.
  2712 | D:3      | Found a glowing silver altar of Zin.
  2785 | D:3      | Found Koematie's Armour Shop.
  3220 | D:3      | Found a runed translucent door.
  3220 | D:3      | Noticed AttackTheMoon's ghost (weakling OgWz)
  3604 | D:3      | Found a shimmering blue altar of Sif Muna.
  3867 | D:4      | Reached XP level 5. HP: 32/39 MP: 5/9
  3872 | D:4      | Found a radiant altar of Vehumet.
  3883 | D:4      | Noticed Natasha
  4103 | D:3      | Slain by a howler monkey

Illustrated notes

Levels and vault maps discovered:
D:1:      erik_arrival_triangle_small, layout_basic, dk_noncrumbling_2,
          hangedman_abyss_or_decor_stabs, grunt_decor_cap, st_stairs_10
D:2:      layout_rooms, shapermc_ecumenical_altar_hornbeckon
D:3:      gammafunk_ghost_grave, layout_basic, mainiacjoe_overflow_alcove_1,
          zin_purify, serial_shops, shop
D:4:      layout_rooms, mainiacjoe_overflow_small_starburst,
          chequers_serial_rivers_micro_a, uniq_pikel, uniq_natasha

Skill      XL: |  1  2  3 |
---------------+----------+-----
Dodging        | 3 |  3.7
Transmutations | 3 |  3.7
Fighting       | 2 |  2.4
Unarmed Combat | |  3.9
Spellcasting   | |  2.7
Poison Magic   | |  0.9

Action                   |  1- 3 |  4- 6 || total
-------------------------+-------+-------++-------
Melee: Unarmed           |   124 |   105 ||   229
       Headbutt          |    16 |    17 ||    33
       Bite              |     2 |       ||     2
 Cast: Beastly Appendage |    29 |    19 ||    48
       Wereblood         |    12 |    17 ||    29
  Use: Scroll            |     2 |     2 ||     4
 Stab: Sleeping          |     2 |       ||     2
Armor: Robe              |    26 |    23 ||    49
Dodge: Dodged            |    92 |    60 ||   152

Table legend: (Time is in decaauts)
 A = Elapsed time spent in this place.
 B = Non-inter-level travel time spent in this place.
 C = Inter-level travel time spent in this place.
 D = Time resting spent in this place.
 E = Time spent auto-exploring this place.
 F = Levels seen in this place.
 G = Mean time per level.
                   A        B        C        D        E       F      G
               +--------+--------+--------+--------+--------+-----+--------+
         Total |   4083 |   3998 |     85 |    403 |   2804 |   4 | 1020.8 |
       Dungeon |   4083 |   3998 |     85 |    403 |   2804 |   4 | 1020.8 |
               +--------+--------+--------+--------+--------+-----+--------+

Top non-repeatable levels by time:
     D:1: 1827 daAuts
     D:3: 1323 daAuts
     D:2: 812 daAuts
     D:4: 120 daAuts
